 Dungeon Crawl Stone Soup version 0.26.0-20-g3ca415f5b8 (webtiles) character file.

Game seed: 5484399096060219582

289 sizableburger the Chiller (level 6, -6/41 HPs)
             Began as a Demonspawn Ice Elementalist on Jan 24, 2021.
             Mangled by Menkaure (30 damage)
             ... on level 4 of the Dungeon.
             The game lasted 00:10:09 (3585 turns).

sizableburger the Chiller (DsIE)                    Turns: 3585, Time: 00:10:10

Health: -6/41      AC: 11    Str:  8    XL:     6   Next: 9%
Magic:  2/10       EV: 13    Int: 18    God:
Gold:   117        SH:  0    Dex: 14    Spells: 4/11 levels left

rFire    . . .     SeeInvis .   p - +3 quarterstaff (chaos)
rCold    . . .     Faith    .   (shield currently unavailable)
rNeg     + . .     Spirit   .   a - +0 robe
rPois    .         Reflect  .   (no helmet)
rElec    .         Harm     .   q - +0 cloak
rCorr    .         Rampage  .   (no gloves)
Will     .....                  (no boots)
Stlth    ++........             (no amulet)
HPRegen  0.13/turn              g - ring of positive energy
MPRegen  0.12/turn              (no ring)

@: icy armour, frozen ramparts
A: claws 1, yellow scales 1, demonic guardian 1, powered by death 2
a: no special abilities


You were on level 4 of the Dungeon.
You visited 1 branch of the dungeon, and saw 4 of its levels.

You collected 117 gold pieces.

Inventory:

Hand Weapons
 p - a +3 quarterstaff of chaos (weapon)
Armour
 a - a +0 robe (worn)
 q - a +0 cloak (worn)
 u - a +0 buckler
Jewellery
 g - a ring of positive energy (left claw)
Scrolls
 c - a scroll of noise {unknown}
 d - 2 scrolls of amnesia {unknown}
 f - a scroll of enchant armour {unknown}
 i - a scroll of enchant weapon {unknown}
 k - 2 scrolls of identify {unknown}
 o - 2 scrolls of remove curse {unknown}
 r - 2 scrolls of fear {unknown}
 s - a scroll of magic mapping {unknown}
 t - a scroll of random uselessness {unknown}
Potions
 b - a potion of ambrosia {unknown}
 e - a potion of lignification {unknown}
 h - 2 potions of attraction {unknown}
 j - a potion of brilliance {unknown}
 l - a potion of mutation {unknown}
 m - a potion of degeneration {unknown}
 n - a potion of heal wounds {unknown}


   Skills:
 - Level 3.1 Dodging
 - Level 1.7 Stealth
 + Level 1.9 Shields
 - Level 3.2 Spellcasting
 + Level 5.0 Ice Magic


You had 4 spell levels left.
You knew the following spells:

 Your Spells              Type           Power        Failure   Level
a - Freeze                Ice            84%          1%          1
b - Frozen Ramparts       Ice            42%          6%          3
c - Ozocubu's Armour      Ice            21%          6%          3

Your spell library contained the following spells:

 Spells                   Type           Power        Failure   Level
 Hailstorm                Conj/Ice       12%          50%         4
 Summon Ice Beast         Ice/Summ       12%          50%         4


Dungeon Overview and Level Annotations

Branches:
Dungeon (4/15)
 Temple: D:4-7

Altars:
Ashenzari
Xom

Annotations:
D:4 2 transporters, Menkaure; SnakkuSnakku7's ghost, amateur OpEE


Innate Abilities, Weirdness & Mutations

You have sharp fingernails.
You are partially covered in yellow scales. (AC +2)
A weak demonic guardian rushes to your aid.
You regenerate health from kills.


Message History

Menkaure is moderately damaged.
Menkaure blinks!
Your white imp gestures at Menkaure.
The puff of frost hits Menkaure.
Menkaure resists.
Menkaure calls on the powers of darkness!
Your body is wracked with pain!
Your white imp hits Menkaure.
Your white imp freezes Menkaure.
Menkaure resists.
The frozen ramparts melt away.
Menkaure hits your white imp!
Your white imp dies!
Menkaure giggles, "These cerements are ticklish..."
Casting: Ozocubu's Armour (dangerous; 6% risk of failure)
Confirm with . or Enter, or press ? or * to list all spells.
Casting: Frozen Ramparts (dangerous; 6% risk of failure)
Press: ? - help, Dir - look around, f - activate The walls around you are covered in ice.
You sock Menkaure!
Menkaure seems to grow stronger.
Menkaure is almost destroyed.
Menkaure hits you!!
Ouch! That really hurt!
You die...

#......#
.##......##
..........
.[.....#
......#
#.....#
#.M...#
#@....#
#.....#
#.....######
#+#
#.....$....#
#.#
#......###.#
#.# #
#......# #.#
#.##.##+#.#
#.#.#.....#
.#
#.#.......#
.#


You could see Menkaure (fast, strong).

Vanquished Creatures
  Crazy Yiuf (D:2)
  Natasha (twice) (D:3)
  2 worker ants
  5 adders
  3 gnolls (D:4)
  A howler monkey skeleton (D:4)
  2 oozes
  3 worms
  A dart slug (D:2)
  3 giant cockroaches
  6 goblins
  5 hobgoblins
  7 jackals (D:1)
  11 bats
  6 frilled lizards
  9 kobolds
  2 quokka skeletons (D:4)
  7 rats
76 creatures vanquished.

Notes
Turn   | Place    | Note
-------+----------+-------------------------------------------
     0 | D:1      | sizableburger the Demonspawn Ice Elementalist began the
                  | quest for the Orb.
     0 | D:1      | Reached XP level 1. HP: 13/13 MP: 3/3
   146 | D:1      | Gained mutation: A weak demonic guardian rushes to your
                  | aid. [demonic ancestry]
   146 | D:1      | Reached XP level 2. HP: 7/19 MP: 0/5
   963 | D:1      | Gained mutation: You regenerate a little health from kills.
                  | [demonic ancestry]
   963 | D:1      | Reached XP level 3. HP: 24/24 MP: 3/6
   967 | D:1      | Learned a level 3 spell: Frozen Ramparts
  1107 | D:2      | Reached skill level 4 in Ice Magic
  1265 | D:2      | Learned a level 3 spell: Ozocubu's Armour
  1353 | D:2      | Gained mutation: You regenerate health from kills. [demonic
                  | ancestry]
  1353 | D:2      | Reached XP level 4. HP: 30/30 MP: 1/8
  1542 | D:2      | Found a hazy altar of Hepliaklqana.
  1544 | D:2      | Found a shadowy altar of Dithmenos.
  1544 | D:2      | Found an iron altar of Okawaru.
  1547 | D:2      | Found an ancient bone altar of Kikubaaqudgha.
  1547 | D:2      | Found a hazy altar of Hepliaklqana.
  1547 | D:2      | Found a shimmering altar of Xom.
  1618 | D:2      | Found a broken altar of Ashenzari.
  2144 | D:2      | Found a runed translucent door.
  2145 | D:2      | Noticed Crazy Yiuf
  2300 | D:2      | Killed Crazy Yiuf
  2301 | D:2      | Gained mutation: You are partially covered in yellow
                  | scales. (AC +2) [demonic ancestry]
  2301 | D:2      | Reached XP level 5. HP: 35/35 MP: 0/9
  3028 | D:3      | Noticed Natasha
  3038 | D:3      | Killed Natasha
  3039 | D:3      | Reached skill level 1 in Shields
  3132 | D:3      | Noticed Natasha
  3137 | D:3      | Killed Natasha
  3301 | D:4      | Found a transporter.
  3304 | D:4      | Noticed SnakkuSnakku7's ghost (amateur OpEE)
  3321 | D:4      | Reached skill level 5 in Ice Magic
  3322 | D:4      | Gained mutation: You have sharp fingernails. [demonic
                  | ancestry]
  3322 | D:4      | Reached XP level 6. HP: 41/41 MP: 3/10
  3433 | D:4      | Found a transporter.
  3574 | D:4      | Noticed Menkaure
  3585 | D:4      | Mangled by Menkaure

Illustrated notes

Levels and vault maps discovered:
D:1:      lightli_arrival_quake, layout_loops_ring
D:2:      layout_loops_ring, old_standard_altar, doesnt_xom_only_xom,
          grunt_decor_junction, uniq_crazy_yiuf_cottage
D:3:      layout_basic, uniq_natasha
D:4:      layout_basic, grunt_temple_overflow_lords_of_destruction,
          gammafunk_ghost_arena, minmay_increasing_density, uniq_eustachio,
          uniq_menkaure

Skill      XL: |  1  2  3  4  5 |
---------------+----------------+-----
Dodging        | 2 3 |  3.1
Ice Magic      | 4 5 |  5.0
Spellcasting   | 3 |  3.2
Shields        | 1 |  1.9
Stealth        | |  1.7

Action                   |  1- 3 |  4- 6 || total
-------------------------+-------+-------++-------
Melee: Unarmed           |    15 |     5 ||    20
       Quarterstaff      |       |    35 ||    35
 Cast: Freeze            |    45 |    31 ||    76
       Frozen Ramparts   |     3 |    13 ||    16
       Ozocubu's Armour  |       |     7 ||     7
 Stab: Sleeping          |       |     1 ||     1
Armor: Robe              |    14 |    17 ||    31
Dodge: Dodged            |    52 |    43 ||    95
